 Dungeon Crawl Stone Soup version 0.16.2-12-gd0ad4c3 (webtiles) character file.

131 Peloso the Shield-Bearer (level 4, -3/40 HPs)
             Began as a Minotaur Fighter on Oct 18, 2015.
             Slain by Sigmund
             ... wielding a +5 scythe of protection
              (12 damage)
             ... on level 2 of the Dungeon.
             The game lasted 00:05:01 (2083 turns).

Peloso the Shield-Bearer (Minotaur Fighter)         Turns: 2083, Time: 00:05:01

Health: -3/40      AC:  9    Str: 20    XL:     4   Next: 91%
Magic:  2/2        EV:  6    Int:  5    God:
Gold:   82         SH: 10    Dex: 11    Spells: 0 memorised, 3 levels left

rFire  . . .     SeeInvis .     a - +0 long sword
rCold  . . .     Clarity  +     i - +0 chain mail
rNeg   . . .     SustAb   .     c - +0 shield
rPois  .         Gourm    .     (helmet restricted)
rElec  .         Spirit   .     (no cloak)
rCorr  .         Warding  .     (no gloves)
rMut   .         Stasis   .     (no boots)
MR     .....                    l - amulet of clarity
Stlth  ..........               (no ring)
                                p - ring of stealth

@: very slightly contaminated, starving, not resistant to hostile enchantments,
extremely unstealthy
A: retaliatory headbutt, horns 2
a: no special abilities


You were on level 2 of the Dungeon.
You were starving.

You visited 1 branch of the dungeon, and saw 2 of its levels.

You collected 82 gold pieces.

Inventory:

Hand weapons
 a - a +0 long sword (weapon)
Armour
 b - a +0 scale mail
 c - a +0 shield (worn)
 i - a +0 chain mail (worn)
 v - a +0 cloak
Jewellery
 l - an amulet of clarity (around neck)
 p - a ring of stealth (left hand)
Scrolls
 f - 2 scrolls of remove curse {unknown}
 h - a scroll of magic mapping {unknown}
 j - a scroll of random uselessness {unknown}
 k - a scroll of fear {unknown}
 o - a scroll of recharging {unknown}
 q - a scroll of immolation {unknown}
 s - a scroll of amnesia {unknown}
 t - a scroll of fog {unknown}
Potions
 e - 3 potions of might
 g - a potion of cancellation {unknown}
 m - a potion of ambrosia {unknown}
 n - a potion of brilliance {unknown}
Comestibles
 d - 3 bread rations
 r - a meat ration
 u - a chunk of flesh


   Skills:
 + Level 4.2 Fighting
 + Level 3.4 Long Blades
 + Level 4.3 Armour
 + Level 0.9 Dodging
 + Level 5.2 Shields


You had 3 spell levels left.
You didn't know any spells.

Dungeon Overview and Level Annotations

Branches:
Dungeon (2/15)

Altars:
Xom

Annotations:
D:2 Sigmund


Innate Abilities, Weirdness & Mutations

You reflexively headbutt those who attack you in melee.
You have a pair of horns on your head.


Message History

You flicker back into view.
Unknown command.
Your shield and chain mail prevent you from hitting Sigmund.
Sigmund barely misses you. You furiously retaliate!
You headbutt Sigmund. You hit Sigmund but do no damage.
Your headbutt misses Sigmund.
Sigmund is moderately wounded.
Sigmund mumbles some strange words.
Sigmund flickers and vanishes!
Deactivating autopickup; reactivate with Ctrl-A.
Something hits you.
You closely miss something.
Your shield and chain mail prevent you from hitting something.
Your headbutt misses something. Something hits you.
Unknown command.
You miss something. Your headbutt misses something. Something hits you!
Unknown command.
You closely miss something. Something hits you!
* * * LOW HITPOINT WARNING * * *
You miss something. You headbutt something. Something hits you!
You die...

..........#.......#
#..###.#
..........#########
#...##.#
..........#
#.#.##.#
..........# #####
#.#..#.#
..........# #)..#
#.##.#.#
..........# #...#
#.##...#
..........# ...
####.###..#
..........# #{#
#....# #..#
###.......# ♣@♣♣
###### #..# #
#####'#### ♣♣.♣
#########.# #....#
♣.♣♣ #........>#
###### ♣♣.♣
#.######..# ♣♣.♣♣
#.# #..# ♣♣...♣ #.#
#..# ♣....♣ #.#
#..## #....# #.#
#.... #....###.#
#.###


There were no monsters in sight!

Vanquished Creatures
  Crazy Yiuf (D:2)
  3 gnolls (D:2)
  Robin (D:2)
  A worm (D:2)
  2 giant geckos
  2 oozes
  A ball python (D:2)
  7 bats
  9 hobgoblins
  6 jackals (D:1)
  3 kobolds
  2 giant cockroaches (D:2)
  9 goblins (D:2)
47 creatures vanquished.

Vanquished Creatures (others)
  A plant (D:1)
1 creature vanquished.

Grand Total: 48 creatures vanquished

Notes
Turn   | Place    | Note
--------------------------------------------------------------
     0 | D:1      | Peloso, the Minotaur Fighter, began the quest for the Orb.
     0 | D:1      | Reached XP level 1. HP: 19/19 MP: 1/1
    93 | D:1      | Reached XP level 2. HP: 25/27 MP: 1/1
   218 | D:1      | Reached skill level 4 in Shields
  1122 | D:2      | Reached XP level 3. HP: 33/33 MP: 2/2
  1170 | D:2      | Noticed Robin
  1191 | D:2      | Killed Robin
  1467 | D:2      | Reached XP level 4. HP: 35/40 MP: 2/2
  1472 | D:2      | Reached skill level 5 in Shields
  1503 | D:2      | Found a shimmering altar of Xom.
  2057 | D:2      | Noticed Crazy Yiuf
  2067 | D:2      | Killed Crazy Yiuf
  2068 | D:2      | Noticed Sigmund
  2083 | D:2      | Slain by Sigmund

Action                   |  1- 3 |  4- 6 || total
-------------------------+-------+-------++-------
Melee: Long sword        |   114 |    37 ||   151
  Eat: Chunk             |       |     2 ||     2
